 Dungeon Crawl Stone Soup version 0.29-a0-234-g0dae59b3db (webtiles) character file.

Game seed: 4702130179810575549

964 avis the Skirmisher (level 8, 0/68 HPs)
             Began as a Hill Orc Transmuter on Mar 2, 2022.
             Was an Initiate of Beogh.
             Slain by an iguana (13 damage)
             ... on level 5 of the Dungeon on Mar 3, 2022.
             The game lasted 00:33:29 (5817 turns).

avis the Skirmisher (Hill Orc Transmuter)           Turns: 5817, Time: 00:33:36

Health: 0/68       AC:  2    Str: 13    XL:     8   Next: 15%
Magic:  11/14      EV: 20    Int: 15    God:    Beogh [......]
Gold:   126        SH:  5    Dex: 22    Spells: 1/15 levels left

rFire   x . .      SeeInvis .     - Unarmed
rCold   + . .      Faith    .   (shield currently unavailable)
rNeg    . . .      Spirit   .   (body armour currently unavailable)
rPois   x          Reflect  +   (helmet currently unavailable)
rElec   .          Harm     .   (cloak currently unavailable)
rCorr   .          Rampage  .   (gloves currently unavailable)
Will    .....                   (boots currently unavailable)
Stlth   ++........              K - amulet of reflection
HPRegen 0.21/turn               m - +6 ring of dexterity
MPRegen 0.14/turn               s - ring of ice

@: spider-form
A: venomous fangs, tiny
a: End Transformation, Renounce Religion


You were on level 5 of the Dungeon.
You worshipped Beogh.
Beogh was noncommittal.
You were a venomous arachnid creature.
You visited 1 branch of the dungeon, and saw 5 of its levels.

You collected 347 gold pieces.
You spent 221 gold pieces at shops.

Inventory:

Hand Weapons
 b - a +1 whip of electrocution (melded)
 c - a +4 scimitar of holy wrath
 k - a +0 spear
 v - a +1 dagger of venom
 B - a +2 flail of protection
 E - a +0 spear
 F - a +0 scythe
Missiles
 e - 86 stones
 u - 4 javelins
 G - a throwing net
Armour
 a - a +0 robe
 f - a +0 chain mail
 h - a +0 ring mail
 o - a +0 chain mail
 r - a +0 chain mail
 t - the +1 leather armour of Imaxi (melded) {rF+ Slay+3}
   (You found it on level 3 of the Dungeon)

   Slay:      It affects your accuracy & damage with ranged weapons and melee
   (+3).
   rF:        It protects you from fire.
Magical Staves
 H - a staff of poison
Jewellery
 m - a +6 ring of dexterity (left front leg)
 s - a ring of ice (right front leg)
 C - a ring of willpower
 K - an amulet of reflection (around neck)
Wands
 y - a wand of paralysis (7)
Scrolls
 i - a scroll of teleportation {unknown}
 j - 4 scrolls of magic mapping {unknown}
 l - 2 scrolls of blinking {unknown}
 n - a scroll of fear {unknown}
 p - a scroll of vulnerability {unknown}
 A - a scroll of holy word {unknown}
Potions
 d - 5 potions of ambrosia
 g - 2 potions of resistance
 q - 3 potions of heal wounds
 w - 4 potions of curing
 x - a potion of might
 z - 2 potions of degeneration
 D - a potion of flight
 I - a potion of attraction
 J - a potion of brilliance


   Skills:
 - Level 5.0 Fighting
 - Level 2.0 Dodging
 - Level 4.0 Unarmed Combat
 - Level 4.0 Spellcasting
 * Level 3.8 Transmutations
 - Level 3.0 Poison Magic


You had one spell level left.
You knew the following spells:

 Your Spells              Type           Power      Damage    Failure   Level
a - Beastly Appendage     Tmut           28%        N/A       12%         1
p - Spider Form           Tmut/Pois      13%        N/A       30%         3
q - Ice Form              Ice/Tmut       13%        N/A       82%         4
S - Statue Form           Tmut/Erth      5%         N/A       100%        6

Your spell library contained the following spells:

 Spells                   Type           Power      Damage    Failure   Level
 Wereblood                Tmut           14%        N/A       16%         2
 Stone Arrow              Conj/Erth      6%         3d7       69%         3
 Petrify                  Tmut/Erth      8%         N/A       82%         4
 Animate Armour           Summ/Erth      6%         N/A       96%         4
 Metabolic Englaciation   Hex/Ice        2%         N/A       100%        5
 Lehudib's Crystal Spear  Conj/Erth      1%         10d2      100%        8


Dungeon Overview and Level Annotations

Branches:
Dungeon (5/15)
 Temple: D:4-7

Altars:
Okawaru
Ru
Yredelemnul
The Shining One

Shops:
D:1 ((![   D:5 [!=*

Annotations:
D:3 2 transporters
D:4 1 runed translucent door, brightshaft's ghost, weakling MiHu
D:5 Menkaure


Message History

The orc wizard looks even sicker.
The orc wizard misses you.
Menkaure, Prince of Dust comes into view.
An orc comes into view. It is wielding a +0 glaive.
You completely miss the orc wizard.
Menkaure shouts!
You hear a shout!
The orc wizard hits you but does no damage.
Menkaure whispers a few words.
You hit the orc wizard.
The orc wizard looks as sick as possible!
The orc wizard is lightly wounded.
The orc wizard hits you with a +0 club.
The orc wizard mumbles some strange words.
The orc wizard flickers and vanishes!
Deactivating autopickup; reactivate with Ctrl-A.
Your transformation has ended.
Your +1 whip of electrocution unmelds from your body.
The +1 leather armour of Imaxi {rF+ Slay+3} unmelds from your body.
You hear the crackle of electricity.
Beogh accepts your kill.
Reactivating autopickup.
You feel a bit more experienced.
Menkaure calls on the powers of darkness!
The orc convulses!
The iguana convulses!
Your body is wracked with pain!
You hear a shout!
Menkaure calls on the powers of darkness!
The orc convulses!
The iguana convulses!
Your body is wracked with pain!
* * * LOW HITPOINT WARNING * * *
You hear a shout!
You hit the iguana.
The iguana is almost dead.
The iguana bites you.
* * * LOW HITPOINT WARNING * * *
Casting: Spider Form (dangerous; 17% risk of failure)
Confirm with . or Enter, or press ? or * to list all spells.
You turn into a venomous arachnid creature.
Your +1 whip of electrocution melds into your body.
The +1 leather armour of Imaxi {rF+ Slay+3} melds into your body.
Your +1 whip of electrocution stops crackling.
The iguana bites you!
You die...

......###.......#.#
..............###.#
............### #.#
....###.##### #.#
###.# ### #.# ###
#.# ##.# ##..#
#.s## #∩l#
###########.##
............#
..........###
..........#
..........#
......M.).#
..........#


You could see Menkaure and an iguana.

Vanquished Creatures
  Grinder (D:4)
  Sigmund (D:3)
  Edmund (D:4)
  An ice beast (D:5)
  A black bear (D:5)
  Blork the orc (D:5)
  A jelly (D:4)
  An orc priest (D:4)
  Ijyb (D:4)
  An orc wizard (D:5)
  4 adders
  2 worms (D:2)
  5 dart slugs
  10 orcs
  13 endoplasms
  A giant cockroach (D:3)
  6 goblins
  7 hobgoblins
  A quokka (D:4)
  8 ball pythons
  6 bats
  3 frilled lizards
  7 kobolds
  4 rats
87 creatures vanquished.

Vanquished Creatures (others)
  An orc priest (D:3)
  An orc (D:3)
2 creatures vanquished.

Grand Total: 89 creatures vanquished

Notes
Turn   | Place    | Note
-------+----------+-------------------------------------------
     0 | D:1      | avis the Hill Orc Transmuter began the quest for the Orb.
     0 | D:1      | Reached XP level 1. HP: 16/16 MP: 3/3
    96 | D:1      | Found Paitaugg's Antique Weapon Emporium.
   101 | D:1      | Found Dahuedos's Distillery.
   104 | D:1      | Reached skill level 2 in Fighting
   104 | D:1      | Found Sauceth's Armour Emporium.
   318 | D:1      | Reached XP level 2. HP: 23/24 MP: 4/4
   491 | D:1      | Found Uthorph's Weapon Boutique.
   909 | D:2      | Reached XP level 3. HP: 30/30 MP: 5/5
  1086 | D:2      | Reached skill level 3 in Fighting
  1290 | D:2      | Learned a level 3 spell: Spider Form
  1846 | D:3      | Reached XP level 4. HP: 36/38 MP: 7/7
  1873 | D:3      | Identified the +1 leather armour of Imaxi {rF+ Slay+3}
  1956 | D:3      | Found a transporter.
  2212 | D:3      | Found a basalt altar of Yredelemnul.
  2284 | D:3      | Became a worshipper of Beogh the Brigand
  2629 | D:3      | Reached skill level 4 in Fighting
  3016 | D:3      | Found a faded altar of an unknown god.
  3054 | D:3      | Reached skill level 1 in Poison Magic
  3179 | D:3      | Found a transporter.
  3320 | D:3      | Noticed a scorpion
  3553 | D:4      | Noticed Sigmund
  3682 | D:4      | Noticed Ijyb
  3691 | D:3      | Killed Sigmund
  3692 | D:3      | Reached XP level 5. HP: 25/46 MP: 5/9
  3692 | D:3      | Reached XP level 6. HP: 28/52 MP: 5/10
  3836 | D:4      | Paralysed by Ijyb for 6 turns
  3846 | D:4      | Killed Ijyb
  3857 | D:4      | Found a sacrificial altar of Ru.
  3872 | D:4      | Found an iron altar of Okawaru.
  4028 | D:4      | Noticed Grinder
  4184 | D:4      | Killed Grinder
  4185 | D:4      | Reached XP level 7. HP: 49/59 MP: 6/11
  4260 | D:4      | Noticed Edmund
  4296 | D:4      | Killed Edmund
  4297 | D:4      | Reached skill level 5 in Fighting
  4529 | D:4      | Learned a level 4 spell: Ice Form
  4958 | D:4      | Found a runed translucent door.
  4958 | D:4      | Noticed brightshaft's ghost (weakling MiHu)
  4995 | D:4      | Reached * piety under Beogh
  5308 | D:5      | Entered Level 5 of the Dungeon
  5309 | D:5      | Found Apseguh's Antique Armour Boutique.
  5369 | D:5      | Found Poudezom's Distillery.
  5414 | D:5      | Bought a potion of degeneration for 14 gold pieces
  5520 | D:1      | Bought a potion of curing for 39 gold pieces
  5628 | D:5      | Bought a potion of attraction for 42 gold pieces
  5628 | D:5      | Bought a potion of brilliance for 56 gold pieces
  5628 | D:5      | Bought a potion of heal wounds for 70 gold pieces
  5648 | D:5      | Noticed Blork the orc
  5657 | D:5      | Killed Blork the orc
  5658 | D:5      | Reached XP level 8. HP: 46/68 MP: 10/14
  5665 | D:5      | Learned a level 6 spell: Statue Form
  5670 | D:5      | Found a glowing golden altar of the Shining One.
  5784 | D:5      | Found Tayqig's General Store.
  5799 | D:5      | Found Coisigag's Jewellery Emporium.
  5805 | D:5      | Noticed Menkaure
  5817 | D:5      | Slain by an iguana

Illustrated notes

Levels and vault maps discovered:
D:1:      mainiacjoe_arrival_reflecting_pool, layout_rooms, serial_shops,
          nicolae_shop_stone, shop, shop, shop, chequers_serial_rivers_small_a
D:2:      layout_rooms, minmay_fractal_squares_5
D:3:      gammafunk_steamed_eel, layout_basic, old_standard_altar,
          ebering_ecumenical_altar_hall, st_stairs_10, hex_large,
          corexii_item_surrounded_by_moat, lightli_corner_chamber
D:4:      layout_loops_cross, mainiacjoe_overflow_catwalk_spiral,
          gammafunk_ghost_grave, uniq_grinder, uniq_ijyb, uniq_edmund,
          uniq_sigmund
D:5:      cheibrodos_quashed, layout_rooms, nicolae_tso_carved_into_rock,
          serial_shops, nicolae_square_shop, kennysheep_mini, shop,
          nicolae_diamond_shop, shop, uniq_blork_the_orc, uniq_menkaure

Skill      XL: |  1  2  3  4  5  6  7 |
---------------+----------------------+-----
Fighting       | 2 3 4 5 |  5.0
Transmutations | 2 3 |  3.8
Spellcasting   | 2 3 4 |  4.0
Poison Magic   | 2 3 |  3.0
Unarmed Combat | 4 |  4.0
Dodging        | 2 |  2.0

Action                   |  1- 3 |  4- 6 |  7- 9 || total
-------------------------+-------+-------+-------++-------
Melee: Whip              |   119 |    72 |     2 ||   193
       Punch             |     3 |       |       ||     3
       Unarmed           |       |    31 |    63 ||    94
       Kick              |       |     2 |       ||     2
 Cast: Beastly Appendage |     1 |     2 |     1 ||     4
       Spider Form       |       |    10 |    13 ||    23
Invok: Convert to Beogh  |       |     1 |       ||     1
  Use: Scroll            |       |       |     4 ||     4
 Stab: Sleeping          |       |       |     1 ||     1
Armor: Ring mail         |    36 |    17 |       ||    53
       Robe              |     2 |       |       ||     2
       Leather armour    |       |    28 |     1 ||    29
       Skin              |       |     2 |     9 ||    11
Dodge: Dodged            |    58 |    67 |    42 ||   167
Block: Other             |       |       |     1 ||     1

Table legend: (Time is in decaauts)
 A = Elapsed time spent in this place.
 B = Non-inter-level travel time spent in this place.
 C = Inter-level travel time spent in this place.
 D = Time resting spent in this place.
 E = Time spent auto-exploring this place.
 F = Levels seen in this place.
 G = Mean time per level.
                   A        B        C        D        E       F      G
               +--------+--------+--------+--------+--------+-----+--------+
         Total |   5844 |   5308 |    536 |   2277 |   1788 |   5 | 1168.8 |
       Dungeon |   5844 |   5308 |    536 |   2277 |   1788 |   5 | 1168.8 |
               +--------+--------+--------+--------+--------+-----+--------+

Top non-repeatable levels by time:
     D:3: 1690 daAuts
     D:2: 1650 daAuts
     D:4: 1369 daAuts
     D:1: 852 daAuts
     D:5: 281 daAuts
